 Dungeon Crawl Stone Soup version 0.31-b1-20-g67cafac56d (webtiles) character file.

Game seed: 4332848902284821746

330 Cheops the Poker (level 6, -1/47 HPs)
             Began as a Formicid Fighter on Jan 16, 2024.
             Incinerated by a bombardier beetle (5 damage)
             ... with a burning spray
             ... on level 3 of the Dungeon on Jan 17, 2024.
             The game lasted 00:06:52 (2080 turns).

Cheops the Poker (Formicid Fighter)                 Turns: 2080, Time: 00:06:52

Health: -1/47      AC:  8    Str: 22    XL:     6   Next: 81%
Magic:  6/6        EV:  9    Int:  8    God:
Gold:   187        SH:  5    Dex: 13    Spells: 5/5 levels left

rFire   . . .        d - +0 scythe
rCold   . . .        c - +0 buckler
rNeg    . . .        b - +0 scale mail
rPois   .            (helmet unavailable)
rElec   .            n - +0 cloak
rCorr   .            (no gloves)
SInv    +            (no boots)
Will    .....        (no amulet) Stlth
                     (no ring)
HPRegen 0.27/turn    (no ring)
MPRegen 0.10/turn

%: no passive effects
@: on fire, glowing
A: permanent stasis, dig shafts and tunnels, antennae 3, four strong arms
a: Dig, Shaft Self


You were on level 3 of the Dungeon.
You visited 1 branch of the dungeon, and saw 3 of its levels.

You collected 187 gold pieces.

Inventory:

Hand Weapons
 a - a +0 trident
 d - a +0 scythe (weapon)
Armour
 b - a +0 scale mail (worn)
 c - a +0 buckler (worn)
 n - a +0 cloak (worn)
Wands
 l - a wand of flame (20)
Scrolls
 f - a scroll of noise {unknown}
 g - a scroll of fog {unknown}
 j - a scroll of enchant armour {unknown}
 m - a scroll of identify {unknown}
 o - 2 scrolls of teleportation {unknown}
Potions
 e - a potion of attraction {unknown}
 h - a potion of degeneration {unknown}
 i - a potion of ambrosia
 k - 2 potions of berserk rage {unknown}


   Skills:
 - Level 3.2 Fighting
 * Level 6.7 Polearms
 - Level 3.2 Armour
 - Level 4.0 Shields


You had 5 spell levels left.
You didn't know any spells.
Your spell library was empty.

Dungeon Overview and Level Annotations

Branches:
Dungeon (3/15)

Altars:


Innate Abilities, Weirdness & Mutations

You cannot be hasted, slowed, berserked, paralysed or teleported.
You can dig through walls and to a lower floor.
You have a pair of large antennae on your head. (SInv)
Your four strong arms can wield two-handed weapons with a shield.


Message History

The burning spray hits you.
You are covered in liquid fire!
Found a short sword.
You shake off some of the fire as you move.
The liquid fire burns you!
You shake off some of the fire as you move.
The liquid fire burns you!
The bombardier beetle bites you but does no damage.
You puncture the bombardier beetle!
The bombardier beetle is heavily wounded.
The liquid fire burns you!
The bombardier beetle bites you but does no damage.
You barely miss the bombardier beetle.
The bombardier beetle is heavily wounded.
The liquid fire burns you!
You hit the bombardier beetle but do no damage.
The bombardier beetle is heavily wounded.
The liquid fire burns you!
* * * LOW HITPOINT WARNING * * *
The bombardier beetle sprays incendiary fluid at you.
The burning spray hits you.
You are even more covered in liquid fire!
You hit the bombardier beetle.
The bombardier beetle is almost dead.
The liquid fire burns you!
* * * LOW HITPOINT WARNING * * *
The bombardier beetle bites you.
* * * LOW HITPOINT WARNING * * *
You hit the bombardier beetle.
The bombardier beetle is almost dead.
The liquid fire burns you!
* * * LOW HITPOINT WARNING * * *
The bombardier beetle bites you but does no damage.
You hit the bombardier beetle.
You kill the bombardier beetle!
The liquid fire burns you!
* * * LOW HITPOINT WARNING * * *
You shake off some of the fire as you move.
The liquid fire burns you!
You die...

#. #. # #. ##+## # #.
##...## # #. ##.....##
# ##.## ##.......## #
##...####.........###
#...@...'.........'..
#.....####.........###
#.##)## ##.......## #
## ##.....## ##...##
##+##


There were no monsters in sight!

Vanquished Creatures
  Sigmund (D:2)
  A bombardier beetle (D:3)
  Crazy Yiuf (D:2)
  Ijyb (D:3)
  An adder (D:2)
  3 gnolls (D:3)
  2 dart slugs (D:2)
  3 ribbon worms (D:2)
  3 ball pythons
  6 giant cockroaches
  5 hobgoblins
  2 quokkas (D:2)
  5 bats
  3 frilled lizards
  6 goblins
  7 kobolds
  6 rats
56 creatures vanquished.

Notes
Turn   | Place    | Note
-------+----------+-------------------------------------------
     0 | D:1      | Cheops the Formicid Fighter began the quest for the Orb.
     0 | D:1      | Reached XP level 1. HP: 18/18 MP: 1/1
   123 | D:1      | Reached XP level 2. HP: 23/24 MP: 2/2
   290 | D:1      | Reached skill level 3 in Polearms
   441 | D:1      | Reached XP level 3. HP: 29/29 MP: 3/3
   807 | D:2      | Upgraded the game from 0.31-b1-18-g61460d1e46 to
                  | 0.31-b1-20-g67cafac56d
  1030 | D:2      | Found a runed translucent door.
  1031 | D:2      | Noticed Crazy Yiuf
  1240 | D:2      | Noticed Sigmund
  1247 | D:2      | Killed Sigmund
  1248 | D:2      | Reached skill level 5 in Polearms
  1248 | D:2      | Reached XP level 4. HP: 29/35 MP: 4/4
  1248 | D:2      | Reached XP level 5. HP: 34/41 MP: 5/5
  1248 | D:2      | Reached XP level 6. HP: 38/47 MP: 6/6
  1605 | D:2      | Killed Crazy Yiuf
  1606 | D:2      | Reached skill level 6 in Polearms
  2000 | D:3      | Noticed Ijyb
  2009 | D:3      | Killed Ijyb
  2080 | D:3      | Incinerated by a bombardier beetle

Illustrated notes

Levels and vault maps discovered:
D:1:      minmay_arrival_hallway, layout_loops_ring, item_on_display_a
D:2:      layout_rooms, serial_forest, infiniplex_forest_clump_double,
          infiniplex_forest_zigzag_2, infiniplex_forest_corner_2,
          infiniplex_forest_lined_3_way, infiniplex_forest_lined_room_,
          infiniplex_forest_corner_2, infiniplex_forest_clump_curved,
          nicolae_titane, uniq_crazy_yiuf_cottage, uniq_sigmund
D:3:      minmay_door_path, layout_loops_corners, gammafunk_ghost_gnarly_gnolls,
          minmay_liquid_box, chequers_serial_rivers_micro_b, uniq_ijyb,
          uniq_natasha, uniq_jessica

Skill      XL: |  1  2  3  4  5  6 |
---------------+-------------------+-----
Polearms       | 3 5 6 |  6.7
Fighting       | |  3.2
Armour         | |  3.2
Shields        | |  4.0

Action                     |  1- 3 |  4- 6 || total
---------------------------+-------+-------++-------
  Melee: Trident           |   135 |       ||   135
         Halberd           |       |    47 ||    47
Ability: Dig               |     6 |       ||     6
    Use: Potion            |     2 |     1 ||     3
 Armour: Scale mail        |    70 |    25 ||    95
  Dodge: Dodged            |    46 |     8 ||    54
  Block: Buckler           |    21 |    12 ||    33
